AoeStats
← 我不是吴亦凡

Arena

507431560Analyzed
1v1 RM · 14d ago on Sep 18, 2026· 42m 41s· 2 players
Game mode
Random Map
Map size
Tiny (2 player)
Population
200
Speed
Normal
Resources
Standard
Victory
Conquest
Starting age
Dark Age
Ending age
Imperial Age
RankedLock teamsTeams togetherTeam positionsShared explorationLock speedFull tech treeHidden civsTurbo modeCheats
Victory
Defeat
🇺🇸 Italians · United States
562
+20
🇨🇳 Armenians · China
642
-20
Igneous
10:38 Feudal Age
12:44 Double-Bit Axe
17:20 Wheelbarrow
19:12 Castle Age
16:56 Horse Collar
17:12 Gold Mining
20:39 Castle Age
21:18 Town Watch
25:02 Bloodlines
25:00 Scale Barding Armor
25:05 Forging
27:15 Chain Barding Armor
27:30 Iron Casting
27:28 Bow Saw
30:27 Fletching
31:05 Bodkin Arrow
34:05 Imperial Age
31:58 Heavy Plow
34:30 Cavalier
35:17 Bracer
我不是吴亦凡
0:44 Loom
9:32 Feudal Age
10:48 Wheelbarrow
9:57 Horse Collar
10:06 Double-Bit Axe
12:11 Gold Mining
18:54 Castle Age
17:00 Stone Mining
17:17 Man-at-Arms
17:45 Arson
18:13 Long Swordsman
19:51 Hand Cart
19:59 Heavy Plow
21:10 Bow Saw
21:23 Gambesons
21:42 Squires
22:34 Two-Handed Swordsman
24:11 Gold Shaft Mining
26:40 Forging
26:31 Scale Mail Armor
29:21 Iron Casting
29:14 Pikeman
30:41 Chain Mail Armor
30:56 Fletching
31:07 Padded Archer Armor
31:19 Halberdier
32:06 Bodkin Arrow
33:44 Leather Archer Armor
34:33 Champion
40:07 Imperial Age
39:42 Town Watch
40:57 Elite Skirmisher
42:42 Blast Furnace
42:12 Plate Mail Armor
42:37 Bracer
Connection lost

Rejoining the realm…

Still unreachable

The connection could not be restored.

Session expired

The server has moved on; the page needs a fresh start.